 Dungeon Crawl Stone Soup version 0.25-a0-786-g5b70d41e48 (webtiles) character file.

Game seed: 1393318247756385440, levelgen mode: deterministic

79 ReteAZ the Skirmisher (level 4, 0/35 HPs)
             Began as a Mummy Chaos Knight on Apr 18, 2020.
             Was a Plaything of Xom.
             Slain by a human (shapeshifter) (13 damage)
             ... on level 2 of the Dungeon.
             The game lasted 00:01:43 (1662 turns).

ReteAZ the Skirmisher (Mummy Chaos Knight)          Turns: 1662, Time: 00:01:44

Health: 0/35       AC:  5    Str: 15    XL:     4   Next: 16%
Magic:  4/4        EV: 11    Int: 12    God:    Xom [....*.]
Gold:   60         SH:  0    Dex: 11    Spells: 3/3 levels left

rFire    x . .     SeeInvis .   a - +0 falchion (chaos)
rCold    + . .     Gourm    .   (no shield)
rNeg     + + +     Faith    .   b - +2 leather armour
rPois    ∞         Spirit   .   (no helmet)
rElec    .         Reflect  .   (no cloak)
rCorr    .         Harm     .   (no gloves)
MR       .....                  (no boots)
Stlth    +.........             (no amulet)
HPRegen  0.11/turn              (no ring)
MPRegen  0.09/turn              (no ring)

@: no status effects
A: no food or potions, fire vulnerability, cold resistance 1, negative energy
resistance 3, torment resistance, unbreathing
a: Renounce Religion


You were on level 2 of the Dungeon.
You worshipped Xom.
You were a beloved toy of Xom.
You were not hungry.

You visited 1 branch of the dungeon, and saw 2 of its levels.

You collected 60 gold pieces.

Inventory:

Hand Weapons
 a - a +0 falchion of chaos (weapon)
Armour
 b - a +2 leather armour (worn)
Jewellery
 c - an uncursed ring of protection from fire {unknown}
Scrolls
 d - a scroll of random uselessness {unknown}
 e - a scroll of remove curse {unknown}
 f - 3 scrolls of identify {unknown}
 g - a scroll of magic mapping {unknown}
 h - a scroll of fog {unknown}
 i - a scroll of teleportation {unknown}


   Skills:
 + Level 3.5 Fighting
 * Level 3.2 Long Blades
 + Level 2.1 Armour
 + Level 1.5 Dodging


You had 3 spell levels left.
You didn't know any spells.
Your spell library was empty.

Dungeon Overview and Level Annotations

Branches:
Dungeon (2/15)

Altars:
Gozag
Makhleb

Annotations:
D:2 1 runed translucent door, Crazy Yiuf


Innate Abilities, Weirdness & Mutations

You do not eat or drink.
Your flesh is vulnerable to fire.
You are immune to poison.
Your flesh is cold resistant. (rC+)
You are immune to negative energy. (rN+++)
You are immune to unholy pain and torment.
You can survive without breathing.


Message History

You are too injured to fight recklessly!
You are too injured to fight recklessly!
You are too injured to fight recklessly!
You are too injured to fight recklessly!
You closely miss the human.
The human is heavily wounded.
The human hits you but does no damage.
You hit the human.
The human goes berserk!
The human is severely wounded.
The human closely misses you.
You riposte.
You closely miss the human.
The human is severely wounded.
The human closely misses you.
You closely miss the human.
The human is severely wounded.
The human hits you! The human hits you.
You miss the human.
The human is severely wounded.
The human hits you!
You die...
Xom is highly amused!

#### #.
#####...###
##.#.## #.......#
##.## ...###>.##
#.# # #.!########
#.# #...†.....#
#.#
#######..######.#
#.[ ....!....#
### .#######.#
#@# #p# #h# #h#
#.# #.# ..# ###


You could see a human shaped shifter (berserk) and 2 jackals.

Vanquished Creatures
  A crimson imp (D:2)
  A worm (D:2)
  A leopard gecko (D:2)
  2 orcs (D:2)
  A ball python (D:2)
  3 giant cockroaches (D:2)
  2 hobgoblins (D:1)
  3 jackals (D:1)
  4 kobolds
  A quokka (D:2)
  6 bats
  2 frilled lizards
  5 goblins
  5 rats
37 creatures vanquished.

Vanquished Creatures (others)
  A dart slug (D:2)
1 creature vanquished.

Grand Total: 38 creatures vanquished

Notes
Turn   | Place    | Note
-------+----------+-------------------------------------------
     0 | D:1      | ReteAZ the Mummy Chaos Knight began the quest for the Orb.
     0 | D:1      | Reached XP level 1. HP: 18/18 MP: 1/1
     7 | D:1      | XOM: potion effect (haste)
   251 | D:1      | XOM: divination: detect items
   259 | D:1      | Reached skill level 1 in Dodging
   329 | D:1      | Reached XP level 2. HP: 24/24 MP: 2/2
   369 | D:1      | XOM: divination: detect creatures
   375 | D:1      | XOM: silly message
   774 | D:1      | XOM: divination: detect items
  1000 | D:2      | Found an opulent altar of Gozag.
  1008 | D:2      | XOM: smoke on damage
  1013 | D:2      | Reached XP level 3. HP: 7/29 MP: 3/3
  1256 | D:2      | Found a burning altar of Makhleb.
  1261 | D:2      | XOM: divination: detect creatures
  1269 | D:2      | XOM: confuse monster(s)
  1300 | D:2      | XOM: polymorph orc -> quokka
  1354 | D:2      | Found a runed translucent door.
  1355 | D:2      | Noticed Crazy Yiuf
  1457 | D:2      | Reached XP level 4. HP: 32/35 MP: 4/4
  1656 | D:2      | Noticed a shapeshifter
  1656 | D:2      | a jackal changed into a shapeshifter
  1656 | D:2      | Noticed a human
  1656 | D:2      | a shapeshifter changed into a human
  1662 | D:2      | Slain by a human (shapeshifter)

Levels and vault maps discovered:
D:1:      wander_arrival_chamber, layout_basic
D:2:      layout_loops_ring, makhleb_grotto_becter, grunt_gozag_statues,
          uniq_crazy_yiuf_cottage

Skill      XL: |  1  2  3 |
---------------+----------+-----
Dodging        | 1 |  1.5
Long Blades    | 3 |  3.2
Armour         | 2 |  2.1
Fighting       | |  3.5

Action                   |  1- 3 |  4- 6 || total
-------------------------+-------+-------++-------
Melee: Falchion          |    91 |    32 ||   123
Armor: Leather armour    |    38 |    11 ||    49
Dodge: Dodged            |    71 |    12 ||    83
       Rpst.: Falchion   |    20 |     2 ||    22

Table legend:
 A = Non-vault XP
 B = Vault XP
 C = Vault XP percentage of total XP
 D = Non-vault monster count
 E = Vault monster count
 F = Vault count percentage of total count
                 A         B        C        D         E       F
            +---------+---------+-------+---------+---------+-------
      Total |      67 |      46 |  40.7 |      37 |       1 |   2.6
            +---------+---------+-------+---------+---------+-------
        D:1 |      31 |       0 |   0.0 |      20 |       0 |   0.0
        D:2 |      36 |      46 |  56.1 |      17 |       1 |   5.6
            +---------+---------+-------+---------+---------+-------
